 Dungeon Crawl Stone Soup version 0.29-a0-200-gc7997b95f3 (webtiles) character file.

Game seed: 15660500880271755297

1971 Aksej the Archer (level 9, -3/47 HPs)
             Began as a Spriggan Hunter on Feb 23, 2022.
             Was a Believer of Dithmenos.
             Slain by a sun demon (12 damage)
             ... summoned by a kobold demonologist
             ... on level 6 of the Dungeon.
             The game lasted 00:19:00 (4940 turns).

Aksej the Archer (Spriggan Hunter)                  Turns: 4940, Time: 00:19:01

Health: -3/47      AC:  3    Str:  8    XL:     9   Next: 0%
Magic:  10/10      EV: 19    Int: 12    God:    Dithmenos [**....]
Gold:   309        SH:  0    Dex: 20    Spells: 8/8 levels left

rFire   . . .      SeeInvis +   a - +1 shortbow (chaos)
rCold   . . .      Faith    .   (shield currently unavailable)
rNeg    . . .      Spirit   .   i - +1 robe
rPois   .          Reflect  .   (helmet restricted)
rElec   .          Harm     .   (no cloak)
rCorr   .          Rampage  .   (gloves unavailable)
Will    +....      Clarity  +   (boots unavailable)
Stlth   +++.......              (no amulet)
HPRegen 0.95/turn               (no ring)
MPRegen 0.12/turn               (no ring)

@: wreathed by umbra, studying Staves, very quick
A: very small, no large weapons, unfitting armour, see invisible, speed 3,
clarity, regeneration 1, no potion heal 1
a: Renounce Religion, Shadow Step


You were on level 6 of the Dungeon.
You worshipped Dithmenos.
Dithmenos was pleased with you.
You visited 1 branch of the dungeon, and saw 6 of its levels.
You also visited: Sewer.

You collected 309 gold pieces.

Inventory:

Hand Weapons
 a - a +1 shortbow of chaos (weapon)
 b - the +3 dagger of Ettuqiex {vorpal, rPois Str-4 Dex+2}
   (You found it on level 3 of the Dungeon)

   It inflicts extra damage upon your enemies.
   Str:       It affects your strength (-4).
   Dex:       It affects your dexterity (+2).
   rPois:     It protects you from poison.
Armour
 i - a +1 robe (worn)
 j - a +0 cloak
Wands
 k - a wand of flame (36)
 l - a wand of acid (7)
Scrolls
 f - 2 scrolls of identify
 m - a scroll of magic mapping
Potions
 c - 2 potions of berserk rage
 d - 5 potions of flight
 g - 4 potions of curing


   Skills:
 * Level 5.4 Fighting
 + Level 1.3 Short Blades
 + Level 12.0 Bows
 + Level 4.5 Dodging
 + Level 2.7 Stealth


You had 8 spell levels left.
You didn't know any spells.
Your spell library contained the following spells:

 Spells                   Type           Power      Damage    Failure   Level
 Blink                    Tloc           0%         N/A       45%         2
 Manifold Assault         Tloc           0%         N/A       100%        5
 Storm Form               Tmut/Air       0%         N/A       100%        7


Dungeon Overview and Level Annotations

Branches:
Dungeon (6/15)              Sewer (visited)
 Temple: D:4-7

Altars:
Dithmenos
Hepliaklqana
Kikubaaqudgha
Makhleb
Nemelex Xobeh
Sif Muna
Vehumet
Yredelemnul
Zin


Innate Abilities, Weirdness & Mutations

You are very small and have problems with some larger weapons.
You are too small for most types of armour.
You have supernaturally acute eyesight. (SInv)
You cover ground extremely quickly. (Speed+++)
You possess an exceptional clarity of mind.
Your natural rate of healing is unusually fast.
Potions are less effective at restoring your health.


Message History

Aim: a kobold demonologist, wielding a +0 dagger and wearing a +0 robe (moderately wounded, umbra, 63% to hit)
You shoot an arrow. The arrow barely misses the shadow imp.
The arrow closely misses the kobold demonologist.
The arrow barely misses the ufetubus.
The shadow imp completely misses you.
The kobold demonologist casts a spell.
Shoot: a) +1 shortbow (chaos)
Press: ? - help, Shift-Dir - straight line, f/p - kobold demonologist
Aim: a kobold demonologist, wielding a +0 dagger and wearing a +0 robe (moderately wounded, umbra, 63% to hit)
You shoot an arrow.
The arrow hits the shadow imp but does no damage.
The shadow imp is lightly wounded.
The shadow imp closely misses you.
Shoot: a) +1 shortbow (chaos)
Press: ? - help, Shift-Dir - straight line, f/p - kobold demonologist
Aim: a kobold demonologist, wielding a +0 dagger and wearing a +0 robe (blue smoke, moderately wounded, umbra, 63% to hit)
You shoot an arrow.
The arrow closely misses the shadow imp.
The arrow hits the kobold demonologist but does no damage.
The kobold demonologist is moderately wounded.
The kobold demonologist miscasts a cantrip.
Shoot: a) +1 shortbow (chaos)
Press: ? - help, Shift-Dir - straight line, f/p - kobold demonologist
Aim: a kobold demonologist, wielding a +0 dagger and wearing a +0 robe (moderately wounded, umbra, 63% to hit)
You shoot an arrow. The arrow hits the sun demon!
The sun demon goes berserk!
The sun demon is lightly wounded.
The sun demon hits you!!
Ouch! That really hurt!
You are engulfed in flames!
* * * LOW HITPOINT WARNING * * *
As you read the scroll of fear, it crumbles to dust.
You assume a fearsome visage.
The kobold demonologist looks frightened!
The kobold looks frightened!
The kobold brigand looks frightened!
The kobold looks frightened!
The white imp looks frightened!
The kobold demonologist looks frightened!
The kobold looks frightened!
The shadow imp looks frightened!
The sun demon is unaffected.
The ufetubus looks frightened!
The orange demon easily resists.
The sun demon completely misses you. The sun demon hits you!
You die...

#.)##### #......#
#. ##......###
##......# #.
#...K.....#
#.......#####
##...5.....#
#............
#......KK5##
#........####
#...#...KK4#
#........# #
#..#####K5K#
##........## #...
###3# #..........#
#..#
####@####.........#
..
+.......'.........#
#.♣...♣.#.........#
# ♣._)♣.#.........#
♣...♣.#........##
.......+........#
####+####.#.....##
..###.... ### ###.


You could see a sun demon (summoned, berserk), an orange demon (summoned), 2
kobold demonologists, a kobold brigand (fleeing), a white imp (summoned,
fleeing), a shadow imp (summoned, fleeing), an ufetubus (summoned, fleeing) and
3 kobolds.

Vanquished Creatures
  Eustachio (D:5)
  A sky beast (D:5)
  An ice beast (D:4)
  2 ogres
  A centaur (D:5)
  A phantom (D:5)
  2 kobold brigands
  3 scorpions
  3 killer bees (D:5)
  4 wights (D:5)
  2 jellies
  3 hounds (D:5)
  Crazy Yiuf (D:3)
  A centaur zombie (D:3)
  2 orc priests
  Jessica (D:2)
  Ijyb (D:4)
  Terence (D:5)
  3 orc wizards
  2 hound skeletons
  8 adders
  A river rat (Sewer)
  An adder zombie (D:4)
  2 dart slugs
  A worm (D:5)
  20 orcs
  4 endoplasms
  4 giant cockroaches
  3 goblins
  4 hobgoblins
  4 jackals
  3 quokkas (D:3)
  3 ball pythons
  3 bats
  2 frilled lizards
  7 kobolds
  7 rats
113 creatures vanquished.

Vanquished Creatures (collateral kills)
  An adder (D:2)
1 creature vanquished.

Vanquished Creatures (others)
  A fungus (D:3)
1 creature vanquished.

Grand Total: 115 creatures vanquished

Notes
Turn   | Place    | Note
-------+----------+-------------------------------------------
     0 | D:1      | Aksej the Spriggan Hunter began the quest for the Orb.
     0 | D:1      | Reached XP level 1. HP: 10/10 MP: 2/2
    61 | D:1      | Reached skill level 5 in Bows
   245 | D:1      | You fall into a shaft and drop 1 floor!
   388 | D:2      | Reached XP level 2. HP: 12/15 MP: 3/3
  1054 | D:2      | Reached XP level 3. HP: 18/18 MP: 4/4
  1055 | D:2      | Found a faded altar of an unknown god.
  1143 | D:2      | Noticed Jessica
  1155 | D:2      | Killed Jessica
  1156 | D:2      | Reached skill level 6 in Bows
  1267 | D:2      | Reached XP level 4. HP: 23/23 MP: 5/5
  1611 | D:3      | Identified the +3 dagger of Ettuqiex {vorpal, rPois Str-4
                  | Dex+2}
  1670 | D:3      | Found a runed translucent door.
  1671 | D:3      | Noticed Crazy Yiuf
  1684 | D:3      | Noticed a scorpion
  1704 | D:3      | Killed a scorpion
  1705 | D:3      | Reached skill level 7 in Bows
  1705 | D:3      | Reached XP level 5. HP: 27/27 MP: 6/6
  1720 | D:3      | Noticed Terence
  1855 | D:3      | Found a shadowy altar of Dithmenos.
  2028 | D:3      | Became a worshipper of Dithmenos the Shadowed
  2235 | D:3      | Found an ancient bone altar of Kikubaaqudgha.
  2438 | D:3      | Found a glowing drain.
  2447 | Sewer    | Entered a sewer
  2563 | Sewer    | Reached skill level 8 in Bows
  2563 | Sewer    | Reached XP level 6. HP: 32/32 MP: 7/7
  2580 | Sewer    | Found a white marble altar of Elyvilon.
  2782 | D:3      | Killed Crazy Yiuf
  3171 | D:4      | Noticed Ijyb
  3186 | D:4      | Killed Ijyb
  3187 | D:4      | Reached XP level 7. HP: 30/36 MP: 8/8
  3237 | D:4      | Reached * piety under Dithmenos
  3311 | D:4      | Reached skill level 9 in Bows
  3471 | D:4      | Found a basalt altar of Yredelemnul.
  4196 | D:4      | Gained mutation: You are clumsy. (Dex -2) [potion of
                  | mutation]
  4196 | D:4      | Gained mutation: You occasionally shout uncontrollably at
                  | your foes. [potion of mutation]
  4196 | D:4      | Gained mutation: Your natural rate of healing is unusually
                  | fast. [potion of mutation]
  4197 | D:4      | Lost mutation: You are clumsy. (Dex -2) [potion of
                  | mutation]
  4197 | D:4      | Lost mutation: You occasionally shout uncontrollably at
                  | your foes. [potion of mutation]
  4197 | D:4      | Gained mutation: Potions are less effective at restoring
                  | your health. [potion of mutation]
  4197 | D:4      | Gained mutation: You possess an exceptional clarity of
                  | mind. [potion of mutation]
  4228 | D:5      | Entered Level 5 of the Dungeon
  4243 | D:5      | Reached skill level 10 in Bows
  4263 | D:5      | Found a burning altar of Makhleb.
  4263 | D:5      | Found a radiant altar of Vehumet.
  4268 | D:5      | Reached XP level 8. HP: 42/42 MP: 9/9
  4277 | D:5      | Found a glowing silver altar of Zin.
  4301 | D:5      | Noticed Eustachio
  4308 | D:5      | Killed Eustachio
  4330 | D:5      | Reached skill level 11 in Bows
  4366 | D:5      | Identified the +9 quarterstaff of Ifenoype {vorpal, rElec
                  | rN+ Will- Dex+3}
  4381 | D:5      | Found a shimmering blue altar of Sif Muna.
  4542 | D:5      | Reached skill level 5 in Fighting
  4542 | D:5      | Reached skill level 1 in Short Blades
  4554 | D:5      | Killed Terence
  4586 | D:5      | Found a sparkling altar of Nemelex Xobeh.
  4684 | D:5      | Reached ** piety under Dithmenos
  4894 | D:6      | Found a hazy altar of Hepliaklqana.
  4910 | D:6      | Noticed a kobold demonologist
  4917 | D:6      | Reached skill level 12 in Bows
  4917 | D:6      | Reached XP level 9. HP: 40/47 MP: 10/10
  4918 | D:6      | Noticed a kobold demonologist
  4929 | D:6      | Noticed a sun demon
  4937 | D:6      | Noticed an orange demon
  4940 | D:6      | Slain by a sun demon

Illustrated notes

Levels and vault maps discovered:
D:1:      amcnicky_arrival_choice, layout_loops_ring, minmay_statues_item
D:2:      layout_basic, nicolae_ecumenical_lake_church, minmay_split_cup_small,
          uniq_jessica
D:3:      layout_basic, nicolae_dithmenos_the_darkroom,
          mainiacjoe_overflow_alcove_2, portal_sewer_entry_d,
          grunt_decor_arrowhead, uniq_terence, uniq_crazy_yiuf_cottage
D:4:      layout_loops_corners, mainiacjoe_overflow_catwalk, minmay_manual_maat,
          uniq_ijyb
D:5:      layout_rooms, nicolae_overflow_hidden_temple,
          mainiacjoe_overflow_alcove_1, uniq_eustachio
D:6:      layout_cave_pods, mainiacjoe_overflow_six_doors_small,
          nicolae_uskayaw_suspiria, minmay_temple_entry_mini_moons, uniq_maggie

Skill      XL: |  1  2  3  4  5  6  7  8 |
---------------+-------------------------+-----
Bows           | 5 6 7 8 10 12 | 12.0
Fighting       | 2 3 4 5 |  5.4
Stealth        | 2 |  2.7
Dodging        | 3 4 |  4.5
Short Blades   | 1 |  1.3

Action                   |  1- 3 |  4- 6 |  7- 9 || total
-------------------------+-------+-------+-------++-------
Melee: Dagger            |       |       |    67 ||    67
       Punch             |       |       |     1 ||     1
 Fire: Shortbow          |    70 |   161 |   164 ||   395
Throw: Throwing net      |     1 |       |       ||     1
  Use: Scroll            |     4 |     2 |     4 ||    10
       Potion            |       |     1 |     3 ||     4
Armor: Robe              |     3 |     1 |     6 ||    10
Dodge: Dodged            |    30 |    34 |   110 ||   174

Table legend: (Time is in decaauts)
 A = Elapsed time spent in this place.
 B = Non-inter-level travel time spent in this place.
 C = Inter-level travel time spent in this place.
 D = Time resting spent in this place.
 E = Time spent auto-exploring this place.
 F = Levels seen in this place.
 G = Mean time per level.
                   A        B        C        D        E       F      G
               +--------+--------+--------+--------+--------+-----+--------+
         Total |   3547 |   3413 |    134 |      0 |   2582 |   7 |  506.7 |
       Dungeon |   3386 |   3252 |    134 |      0 |   2482 |   6 |  564.3 |
         Sewer |    160 |    160 |      0 |      0 |     99 |   1 |  160.0 |
               +--------+--------+--------+--------+--------+-----+--------+

Top non-repeatable levels by time:
     D:3: 971 daAuts
     D:4: 804 daAuts
     D:2: 712 daAuts
     D:5: 410 daAuts
     D:1: 390 daAuts
   Sewer: 160 daAuts
     D:6: 97 daAuts
